Match 47120962
Unlisted

Match 47120962
End
Pioneer Squad
Construct Infanterie Kompanie
Selects Mechanized Battlegroup
MG 42 Machine Gun Team
Grenadier Squad
Grenadier Squad
Construct Panzergrenadier Kompanie
Panzergrenadier Squad
Selects Mobile Repair Stations
Medical Station
Pak 40 Anti-tank Gun Team
Selects Wespe Self-propelled Artillery
Wespe Self-propelled Artillery
Construct Luftwaffe Kompanie
Wespe Self-propelled Artillery
221 Scout Car
Selects Raid Package
Pak 40 Anti-tank Gun Team
Construct Panzer Kompanie
Selects StuG Assault Group
Panzer IV Medium Tank
Panzer IV Medium Tank
Panzer IV Medium Tank
Stoßtruppen Squad
Auxiliary Priest
Mr.Faraam
Angrybirds
Cpt Darling
0
0

Comments sign in to comment!

No comments posted yet!